[ PARTIDA AOE2 · #477444682 ]
UnrankedPortugueses vs Japanese
[ ANÁLISIS DE REPETICIÓN · EXTRAÍDO DE LA PARTIDA GRABADA ]
Feudal
12:47
Castillos
20:11
Imperial
—
| APM promedio | 14.8 |
| APM pico | 35 |
| eAPM promedio | 11.1 |
| Aldeanos / militares | 124 / 4 |
Foco
⚔️ 9.5% · 🌾 90.5%
Scout Cavalry ×3 · Monk ×1
Feudal
—
Castillos
—
Imperial
—
| APM promedio | 0.6 |
| APM pico | 20 |
| eAPM promedio | 0.4 |
| Aldeanos / militares | 4 / 0 |
Foco
⚔️ 0.0% · 🌾 100.0%
Feudal
—
Castillos
—
Imperial
—
| APM promedio | 1.0 |
| APM pico | 32 |
| eAPM promedio | 0.4 |
| Aldeanos / militares | 5 / 0 |
Foco
⚔️ 0.0% · 🌾 100.0%
Feudal
—
Castillos
—
Imperial
—
| APM promedio | 0.1 |
| APM pico | 3 |
| eAPM promedio | 0.1 |
| Aldeanos / militares | 0 / 0 |
Feudal
15:02
Castillos
24:15
Imperial
—
| APM promedio | 6.5 |
| APM pico | 13 |
| eAPM promedio | 5.7 |
| Aldeanos / militares | 55 / 3 |
Foco
⚔️ 16.1% · 🌾 83.9%
Spearman ×2 · Trade Cart ×2 · Monk ×1
Feudal
—
Castillos
—
Imperial
—
| APM promedio | 0.2 |
| APM pico | 7 |
| eAPM promedio | 0.2 |
| Aldeanos / militares | 8 / 0 |
Foco
⚔️ 0.0% · 🌾 100.0%
Feudal
11:57
Castillos
15:56
Imperial
30:05
| APM promedio | 29.2 |
| APM pico | 89 |
| eAPM promedio | 17.2 |
| Aldeanos / militares | 168 / 8 |
Foco
⚔️ 25.9% · 🌾 74.1%
Knight ×5 · Monk ×2 · Trebuchet (Packed) ×1
Feudal
—
Castillos
—
Imperial
—
| APM promedio | 0.0 |
| APM pico | 1 |
| eAPM promedio | 0.0 |
| Aldeanos / militares | 0 / 0 |
Mapa de la partida
Recursos iniciales + cada clic de construcción. Líneas = muros · curvas = relieve. ◆ oro · ⬟ piedra · ● bayas · ✦ reliquia · ◌ hueco del cierre
Tu base· ✓ Cerrada en 20:11 · 0t muro · 3 puerta(s)
Base de Rei· ✓ Cerrada en 12:00 · 0t muro · 3 puerta(s)
Base de diablo63· ✓ Cerrada en 12:00 · 0t muro · 2 puerta(s)
Base de metemus· ✓ Cerrada en 12:00 · 0t muro · 2 puerta(s)
Base de poy.tkd· ✓ Cerrada en 24:15 · 0t muro · 2 puerta(s)
Base de 1688allen· ✓ Cerrada en 12:00 · 0t muro · 3 puerta(s)
Base de W3STBROOKK· ✓ Cerrada en 15:56 · 0t muro · 3 puerta(s)
Base de bOO· ✓ Cerrada en 12:00 · 0t muro · 2 puerta(s)
Terreno inicial suavizado · ◌ = hueco del cierre detectado · pasá el cursor para detalles
Inputs por minuto
— steamwayne1 - - Rei
Build order — steamwayne1
Primeras 150 de 230 acciones detectadas
| 0:06 | Construir | House |
| 0:08 | Construir | House |
| 0:13 | Crear | Villager (Male) |
| 0:14 | Crear | Villager (Male) |
| 0:30 | Crear | Villager (Male) |
| 0:31 | Crear | Villager (Male) |
| 1:16 | Investigar | Loom |
| 1:30 | Construir | Lumber Camp |
| 1:47 | Crear | Villager (Male) |
| 2:03 | Construir | House |
| 2:21 | Crear | Villager (Male) |
| 2:22 | Crear | Villager (Male) |
| 2:54 | Crear | Villager (Male) |
| 2:55 | Crear | Villager (Male) |
| 4:01 | Crear | Villager (Male) |
| 4:02 | Crear | Villager (Male) |
| 4:02 | Crear | Villager (Male) |
| 4:16 | Crear | Villager (Male) |
| 4:36 | Construir | Mill |
| 4:57 | Crear | Villager (Male) |
| 4:57 | Crear | Villager (Male) |
| 5:14 | Crear | Villager (Male) |
| 5:51 | Crear | Villager (Male) |
| 5:51 | Crear | Villager (Male) |
| 6:00 | Construir | House |
| 6:34 | Crear | Villager (Male) |
| 6:48 | Construir | House |
| 7:16 | Crear | Villager (Male) |
| 7:17 | Crear | Villager (Male) |
| 7:23 | Crear | Villager (Male) |
| 7:23 | Crear | Villager (Male) |
| 7:24 | Crear | Villager (Male) |
| 7:25 | Crear | Villager (Male) |
| 7:36 | Construir | Mining Camp |
| 7:51 | Crear | Villager (Male) |
| 8:00 | Crear | Villager (Male) |
| 8:01 | Crear | Villager (Male) |
| 8:39 | Construir | Farm |
| 8:41 | Crear | Villager (Male) |
| 8:42 | Crear | Villager (Male) |
| 8:56 | Crear | Villager (Male) |
| 8:56 | Crear | Villager (Male) |
| 9:05 | Construir | Mining Camp |
| 9:27 | Crear | Villager (Male) |
| 9:28 | Crear | Villager (Male) |
| 9:48 | Crear | Villager (Male) |
| 9:53 | Construir | Farm |
| 9:57 | Crear | Villager (Male) |
| 10:20 | Construir | House |
| 10:24 | Construir | House |
| 10:33 | Investigar | Feudal Age |
| 12:35 | Construir | Farm |
| 12:47 | Edad | Edad Feudal |
| 12:55 | Construir | Blacksmith |
| 13:03 | Construir | Market |
| 13:11 | Crear | Villager (Male) |
| 13:12 | Crear | Villager (Male) |
| 13:12 | Crear | Villager (Male) |
| 13:42 | Crear | Villager (Male) |
| 13:42 | Crear | Villager (Male) |
| 13:43 | Crear | Villager (Male) |
| 14:06 | Crear | Villager (Male) |
| 14:06 | Crear | Villager (Male) |
| 14:13 | Crear | Villager (Male) |
| 14:14 | Crear | Villager (Male) |
| 14:25 | Construir | House |
| 14:52 | Crear | Villager (Male) |
| 15:02 | Construir | Barracks |
| 15:19 | Crear | Villager (Male) |
| 15:48 | Construir | Stable |
| 15:50 | Crear | Villager (Male) |
| 15:56 | Construir | Farm |
| 16:13 | Crear | Villager (Male) |
| 16:13 | Crear | Villager (Male) |
| 16:20 | Construir | Farm |
| 16:38 | Crear | Villager (Male) |
| 16:48 | Construir | Farm |
| 16:56 | Crear | Villager (Male) |
| 17:04 | Construir | Farm |
| 17:17 | Construir | House |
| 17:28 | Construir | Farm |
| 17:31 | Investigar | Castle Age |
| 17:43 | Crear | Villager (Male) |
| 17:53 | Construir | Farm |
| 18:00 | Construir | House |
| 18:07 | Crear | Scout Cavalry |
| 18:25 | Investigar | Horse Collar |
| 18:30 | Crear | Villager (Male) |
| 18:40 | Construir | House |
| 19:01 | Construir | Farm |
| 19:10 | Construir | Farm |
| 19:14 | Investigar | Double-Bit Axe |
| 19:16 | Crear | Villager (Male) |
| 19:16 | Crear | Villager (Male) |
| 19:31 | Construir | House |
| 20:02 | Crear | Villager (Male) |
| 20:02 | Crear | Villager (Male) |
| 20:11 | Edad | Edad de los Castillos |
| 20:23 | Construir | Town Center |
| 20:25 | Crear | Villager (Male) |
| 20:26 | Crear | Villager (Male) |
| 20:38 | Crear | Villager (Male) |
| 21:17 | Crear | Villager (Male) |
| 21:18 | Crear | Villager (Male) |
| 21:23 | Construir | Farm |
| 21:35 | Construir | Farm |
| 21:42 | Construir | Farm |
| 21:46 | Crear | Villager (Male) |
| 21:46 | Crear | Villager (Male) |
| 21:48 | Investigar | Heavy Plow |
| 21:52 | Crear | Villager (Male) |
| 22:08 | Construir | Town Center |
| 22:16 | Construir | Farm |
| 22:18 | Crear | Villager (Male) |
| 22:26 | Construir | Farm |
| 22:28 | Crear | Villager (Male) |
| 22:29 | Crear | Villager (Male) |
| 23:00 | Crear | Villager (Male) |
| 23:13 | Construir | Farm |
| 23:23 | Crear | Villager (Male) |
| 23:25 | Crear | Villager (Male) |
| 23:38 | Construir | Farm |
| 23:41 | Crear | Villager (Male) |
| 23:47 | Construir | Monastery |
| 23:49 | Crear | Villager (Male) |
| 23:52 | Crear | Villager (Male) |
| 23:52 | Crear | Villager (Male) |
| 23:54 | Crear | Villager (Male) |
| 24:03 | Construir | Farm |
| 24:18 | Construir | Farm |
| 24:21 | Crear | Villager (Male) |
| 24:23 | Crear | Villager (Male) |
| 24:29 | Construir | Farm |
| 24:32 | Crear | Villager (Male) |
| 24:51 | Crear | Monk |
| 24:58 | Construir | Farm |
| 25:01 | Crear | Villager (Male) |
| 25:02 | Crear | Villager (Male) |
| 25:09 | Crear | Villager (Male) |
| 25:09 | Crear | Villager (Male) |
| 25:21 | Construir | Farm |
| 25:26 | Crear | Villager (Male) |
| 25:33 | Construir | Farm |
| 25:44 | Construir | Farm |
| 25:58 | Crear | Villager (Male) |
| 26:04 | Construir | Farm |
| 26:06 | Crear | Villager (Male) |
| 26:11 | Crear | Scout Cavalry |
| 26:13 | Crear | Villager (Male) |
| 26:18 | Construir | Farm |
Build order — Rei
6 acciones detectadas en el replay
| 0:05 | Construir | House |
| 0:10 | Construir | House |
| 0:13 | Crear | Villager (Male) |
| 0:13 | Crear | Villager (Male) |
| 0:13 | Crear | Villager (Male) |
| 0:14 | Crear | Villager (Male) |
Build order — diablo63
7 acciones detectadas en el replay
| 0:04 | Construir | House |
| 0:07 | Construir | House |
| 0:08 | Crear | Villager (Male) |
| 0:09 | Crear | Villager (Male) |
| 0:09 | Crear | Villager (Male) |
| 0:09 | Crear | Villager (Male) |
| 0:09 | Crear | Villager (Male) |
Build order — metemus
0 acciones detectadas en el replay
Build order — poy.tkd
133 acciones detectadas en el replay
| 0:50 | Crear | Villager (Male) |
| 0:51 | Investigar | Loom |
| 0:52 | Crear | Villager (Male) |
| 0:52 | Crear | Villager (Male) |
| 0:52 | Crear | Villager (Male) |
| 0:52 | Crear | Villager (Male) |
| 1:57 | Construir | House |
| 2:45 | Construir | Barracks |
| 2:53 | Crear | Villager (Male) |
| 3:52 | Crear | Villager (Male) |
| 4:18 | Construir | Mining Camp |
| 4:35 | Crear | Villager (Male) |
| 5:12 | Crear | Villager (Male) |
| 5:52 | Crear | Villager (Male) |
| 5:53 | Crear | Villager (Male) |
| 6:19 | Crear | Villager (Male) |
| 6:23 | Construir | House |
| 6:53 | Construir | Mill |
| 6:59 | Crear | Villager (Male) |
| 7:22 | Crear | Villager (Male) |
| 7:32 | Crear | Villager (Male) |
| 8:05 | Construir | Lumber Camp |
| 8:53 | Crear | Villager (Male) |
| 9:37 | Construir | Farm |
| 9:42 | Crear | Villager (Male) |
| 10:00 | Construir | Lumber Camp |
| 10:05 | Crear | Villager (Male) |
| 10:15 | Construir | Mill |
| 10:21 | Construir | House |
| 11:27 | Construir | Farm |
| 12:52 | Investigar | Feudal Age |
| 12:52 | Crear | Villager (Male) |
| 13:21 | Crear | Villager (Male) |
| 13:40 | Construir | Farm |
| 13:47 | Construir | Farm |
| 13:52 | Construir | Farm |
| 13:57 | Construir | Farm |
| 14:02 | Construir | Farm |
| 15:02 | Edad | Edad Feudal |
| 15:03 | Investigar | Horse Collar |
| 15:08 | Investigar | Double-Bit Axe |
| 15:15 | Investigar | Gold Mining |
| 15:35 | Construir | Farm |
| 15:39 | Crear | Villager (Male) |
| 15:39 | Crear | Villager (Male) |
| 15:39 | Crear | Villager (Male) |
| 15:39 | Crear | Villager (Male) |
| 15:39 | Crear | Villager (Male) |
| 15:40 | Crear | Villager (Male) |
| 16:12 | Construir | Market |
| 16:49 | Construir | House |
| 17:00 | Investigar | Wheelbarrow |
| 17:01 | Crear | Villager (Male) |
| 17:01 | Crear | Villager (Male) |
| 17:01 | Crear | Villager (Male) |
| 17:02 | Crear | Villager (Male) |
| 17:02 | Crear | Villager (Male) |
| 18:07 | Construir | Stable |
| 18:12 | Crear | Spearman |
| 18:13 | Crear | Spearman |
| 18:18 | Crear | Villager (Male) |
| 18:18 | Crear | Villager (Male) |
| 18:19 | Crear | Villager (Male) |
| 18:47 | Construir | Mining Camp |
| 19:34 | Construir | Mill |
| 19:45 | Construir | Stable |
| 20:18 | Construir | Mining Camp |
| 20:28 | Construir | Blacksmith |
| 20:56 | Construir | Archery Range |
| 20:59 | Investigar | Bloodlines |
| 21:07 | Investigar | Castle Age |
| 21:18 | Construir | Farm |
| 21:58 | Construir | House |
| 22:01 | Construir | House |
| 22:04 | Construir | House |
| 22:06 | Construir | House |
| 22:08 | Construir | House |
| 22:09 | Construir | House |
| 22:11 | Construir | House |
| 22:20 | Construir | Mining Camp |
| 22:24 | Investigar | Stone Mining |
| 22:37 | Investigar | Scale Barding Armor |
| 22:39 | Investigar | Forging |
| 22:45 | Crear | Villager (Male) |
| 22:45 | Crear | Villager (Male) |
| 23:36 | Investigar | Bloodlines |
| 24:02 | Crear | Trade Cart |
| 24:03 | Crear | Trade Cart |
| 24:15 | Edad | Edad de los Castillos |
| 24:22 | Crear | Villager (Male) |
| 24:57 | Crear | Villager (Male) |
| 25:28 | Construir | Town Center |
| 25:50 | Investigar | Heavy Plow |
| 26:09 | Investigar | Bow Saw |
| 26:39 | Investigar | Gold Shaft Mining |
| 26:59 | Investigar | Caravan |
| 27:33 | Construir | Lumber Camp |
| 27:36 | Crear | Villager (Male) |
| 27:36 | Crear | Villager (Male) |
| 27:36 | Crear | Villager (Male) |
| 27:36 | Crear | Villager (Male) |
| 27:38 | Crear | Villager (Male) |
| 27:44 | Crear | Villager (Male) |
| 27:44 | Crear | Villager (Male) |
| 27:44 | Crear | Villager (Male) |
| 27:45 | Crear | Villager (Male) |
| 28:10 | Construir | Farm |
| 28:26 | Construir | Castle |
| 28:47 | Construir | Farm |
| 29:07 | Construir | Farm |
| 29:10 | Investigar | Hand Cart |
| 29:22 | Construir | University |
| 29:31 | Construir | Monastery |
| 29:40 | Construir | Farm |
| 30:07 | Construir | Farm |
| 30:33 | Investigar | Fortified Wall (upgrade) |
| 30:35 | Investigar | Masonry |
| 30:37 | Investigar | Chain Barding Armor |
| 30:39 | Investigar | Iron Casting |
| 30:43 | Crear | Monk |
| 31:33 | Construir | Town Center |
| 31:49 | Crear | Villager (Male) |
| 31:50 | Crear | Villager (Male) |
| 31:50 | Crear | Villager (Male) |
| 31:57 | Crear | Villager (Male) |
| 31:58 | Crear | Villager (Male) |
| 31:58 | Crear | Villager (Male) |
| 31:58 | Crear | Villager (Male) |
| 31:58 | Crear | Villager (Male) |
| 32:03 | Investigar | Murder Holes |
| 32:04 | Investigar | Ballistics |
| 32:09 | Investigar | Fletching |
| 32:14 | Investigar | Scale Mail Armor |
Build order — 1688allen
2 acciones detectadas en el replay
| 0:02 | Crear | Villager (Male) ×4 |
| 0:03 | Crear | Villager (Male) ×4 |
Build order — W3STBROOKK
Primeras 150 de 278 acciones detectadas
| 0:02 | Crear | Villager (Male) |
| 0:04 | Construir | House |
| 0:06 | Construir | House |
| 0:12 | Construir | House |
| 0:19 | Crear | Villager (Male) ×3 |
| 0:19 | Crear | Villager (Male) ×3 |
| 1:29 | Crear | Villager (Male) |
| 1:30 | Crear | Villager (Male) |
| 1:55 | Construir | Lumber Camp |
| 2:11 | Crear | Villager (Male) |
| 2:12 | Crear | Villager (Male) |
| 2:26 | Crear | Villager (Male) |
| 2:26 | Crear | Villager (Male) |
| 2:56 | Crear | Villager (Male) |
| 2:57 | Crear | Villager (Male) |
| 3:13 | Crear | Villager (Male) |
| 3:13 | Crear | Villager (Male) |
| 3:19 | Construir | House |
| 3:48 | Crear | Villager (Male) |
| 3:49 | Crear | Villager (Male) |
| 3:49 | Crear | Villager (Male) |
| 4:05 | Crear | Villager (Male) |
| 4:06 | Crear | Villager (Male) |
| 4:38 | Crear | Villager (Male) |
| 4:38 | Crear | Villager (Male) |
| 5:12 | Crear | Villager (Male) |
| 5:12 | Crear | Villager (Male) |
| 5:17 | Crear | Villager (Male) |
| 5:17 | Crear | Villager (Male) |
| 5:49 | Crear | Villager (Male) |
| 5:50 | Crear | Villager (Male) |
| 5:53 | Crear | Villager (Male) |
| 5:53 | Crear | Villager (Male) |
| 5:57 | Construir | House |
| 6:34 | Construir | Mill |
| 6:38 | Crear | Villager (Male) |
| 6:38 | Crear | Villager (Male) |
| 6:47 | Crear | Villager (Male) |
| 6:47 | Crear | Villager (Male) |
| 7:06 | Crear | Villager (Male) |
| 7:07 | Crear | Villager (Male) |
| 7:07 | Crear | Villager (Male) |
| 7:07 | Crear | Villager (Male) |
| 8:07 | Crear | Villager (Male) |
| 8:33 | Crear | Villager (Male) |
| 8:34 | Crear | Villager (Male) |
| 9:44 | Investigar | Feudal Age |
| 9:53 | Construir | Mining Camp |
| 10:07 | Crear | Villager (Male) |
| 10:09 | Crear | Villager (Male) |
| 10:54 | Construir | House |
| 11:49 | Construir | Farm |
| 11:52 | Construir | Farm |
| 11:55 | Construir | Farm |
| 11:57 | Edad | Edad Feudal |
| 12:02 | Construir | Farm |
| 12:08 | Construir | Market |
| 12:16 | Construir | Blacksmith |
| 12:28 | Construir | Blacksmith |
| 12:44 | Crear | Villager (Male) |
| 13:16 | Investigar | Castle Age |
| 13:16 | Investigar | Castle Age |
| 13:45 | Construir | House |
| 13:50 | Construir | Farm |
| 13:53 | Investigar | Double-Bit Axe |
| 14:09 | Investigar | Horse Collar |
| 14:37 | Construir | Farm |
| 14:42 | Investigar | Gold Mining |
| 14:52 | Construir | Farm |
| 15:21 | Crear | Villager (Male) |
| 15:24 | Investigar | Loom |
| 15:49 | Investigar | Stone Mining |
| 15:56 | Edad | Edad de los Castillos |
| 16:00 | Construir | Town Center |
| 16:08 | Crear | Villager (Male) |
| 16:11 | Construir | Town Center |
| 16:48 | Crear | Villager (Male) |
| 16:51 | Crear | Villager (Male) |
| 16:52 | Crear | Villager (Male) |
| 16:53 | Crear | Villager (Male) |
| 16:56 | Construir | Farm |
| 16:59 | Construir | Farm |
| 17:07 | Investigar | Bow Saw |
| 17:11 | Crear | Villager (Male) |
| 17:18 | Construir | Farm |
| 17:24 | Crear | Villager (Male) |
| 17:24 | Crear | Villager (Male) |
| 17:31 | Crear | Villager (Male) |
| 17:35 | Construir | Farm |
| 17:39 | Construir | Farm |
| 17:41 | Crear | Villager (Male) |
| 17:45 | Construir | Farm |
| 17:53 | Construir | House |
| 17:55 | Construir | House |
| 17:56 | Construir | House |
| 18:02 | Construir | Farm |
| 18:05 | Construir | Farm |
| 18:13 | Crear | Villager (Male) |
| 18:20 | Crear | Villager (Male) |
| 18:21 | Crear | Villager (Male) |
| 18:24 | Crear | Villager (Male) |
| 18:35 | Crear | Villager (Male) |
| 18:43 | Construir | Monastery |
| 18:49 | Crear | Villager (Male) |
| 18:54 | Crear | Villager (Male) |
| 19:00 | Construir | Farm |
| 19:04 | Construir | Farm |
| 19:08 | Construir | Farm |
| 19:15 | Construir | Farm |
| 19:18 | Crear | Villager (Male) ×2 |
| 19:20 | Construir | House |
| 19:29 | Crear | Villager (Male) ×5 |
| 19:37 | Crear | Villager (Male) |
| 19:55 | Crear | Villager (Male) ×2 |
| 20:02 | Crear | Monk |
| 20:07 | Crear | Villager (Male) |
| 20:10 | Construir | Farm |
| 20:15 | Construir | Farm |
| 20:22 | Crear | Villager (Male) ×2 |
| 20:25 | Construir | Town Center |
| 20:35 | Crear | Villager (Male) |
| 20:38 | Crear | Villager (Male) |
| 20:42 | Crear | Villager (Male) |
| 20:46 | Construir | House |
| 20:47 | Construir | House |
| 20:51 | Construir | House |
| 20:52 | Construir | House |
| 20:55 | Construir | House |
| 20:57 | Crear | Villager (Male) |
| 21:07 | Crear | Monk |
| 21:13 | Crear | Villager (Male) ×2 |
| 21:25 | Crear | Villager (Male) ×2 |
| 21:31 | Construir | Farm |
| 21:34 | Construir | Farm |
| 21:38 | Construir | Farm |
| 21:41 | Construir | Farm |
| 21:44 | Construir | Farm |
| 21:46 | Crear | Villager (Male) |
| 21:47 | Crear | Villager (Male) |
| 21:49 | Crear | Villager (Male) |
| 21:52 | Construir | Farm |
| 21:54 | Construir | Farm |
| 21:58 | Construir | Farm |
| 22:00 | Crear | Villager (Male) ×2 |
| 22:13 | Construir | University |
| 22:16 | Crear | Villager (Male) ×2 |
| 22:21 | Construir | Farm |
| 22:24 | Construir | Farm |
| 22:27 | Construir | Farm |
| 22:31 | Construir | Farm |
Build order — bOO
0 acciones detectadas en el replay
Cronología de la partida
| 0:01 | bOO · resign |
| 2:45 | poy.tkd · first_building Barracks |
| 11:57 | W3STBROOKK · age_up feudal |
| 12:47 | steamwayne1 · age_up feudal |
| 15:02 | poy.tkd · age_up feudal |
| 15:02 | steamwayne1 · first_building Barracks |
| 15:48 | steamwayne1 · first_building Stable |
| 15:56 | W3STBROOKK · age_up castle |
| 18:07 | poy.tkd · first_building Stable |
| 18:43 | W3STBROOKK · first_building Monastery |
| 19:28 | W3STBROOKK · first_market_buy 100 food |
| 20:11 | steamwayne1 · age_up castle |
| 20:56 | poy.tkd · first_building Archery Range |
| 23:47 | steamwayne1 · first_building Monastery |
| 23:55 | W3STBROOKK · first_building Barracks |
| 24:15 | poy.tkd · age_up castle |
| 24:59 | W3STBROOKK · first_building Stable |
| 26:13 | W3STBROOKK · first_market_sell 100 wood |
| 26:40 | W3STBROOKK · first_building Castle |
| 27:39 | steamwayne1 · first_building Castle |
| 28:26 | poy.tkd · first_building Castle |
| 29:31 | poy.tkd · first_building Monastery |
| 30:05 | W3STBROOKK · age_up imperial |
| 32:19 | steamwayne1 · first_building Siege Workshop |
[ ANÁLISIS IA · 1 CRÉDITO ]
¿Qué pasó realmente en esta partida?
Wolo.gg analiza cada decisión: build order, eco, micro, errores típicos por bracket. Análisis personalizado por WhatsApp o Discord en 30 segundos.
Guía civ
Portugueses
Perfil
Jugador #2914892